AoeStats
← Jan Itor

Fortress

509137586Analyzed
4v4 RM · 7d ago on Sep 25, 2026· 60m 57s· 8 players
Game mode
Random Map
Map size
Huge
Population
200
Speed
Normal
Resources
Standard
Victory
Conquest
Starting age
Dark Age
Ending age
Imperial Age
RankedLock teamsTeams togetherTeam positionsShared explorationLock speedFull tech treeHidden civsTurbo modeCheats
Victory
Defeat
🇨🇿 Britons · Czechia
1824
+11
🇩🇪 Armenians · Germany
1824
+11
🇨🇳 Huns · China
1783
+13
🇨🇳 Japanese · China
1735
+14
🇸🇰 Inca · Slovakia
1771
-15
🇨🇿 Saxons · Czechia
1762
-14
🇹🇷 Ethiopians · Türkiye
1681
-11
🇫🇮 Portuguese · Finland
1632
-9
北冥有鲲
7:32 Feudal Age
11:08 Castle Age
9:29 Double-Bit Axe
9:25 Horse Collar
12:15 Bow Saw
14:18 Wheelbarrow
16:59 Loom
17:44 Scale Barding Armor
18:35 Bloodlines
18:51 Gold Mining
20:10 Chain Barding Armor
20:44 Town Watch
23:13 Husbandry
23:28 Devotion
23:13 Light Cavalry
28:15 Hand Cart
32:58 Imperial Age
33:37 Hussar
35:06 Plate Barding Armor
34:42 Forging
35:33 Caravan
37:25 Iron Casting
36:41 Fletching
36:54 Capped Ram
38:18 Conscription
37:36 Elite Tarkan
38:44 Marauders
41:06 Blast Furnace
42:12 Guilds
45:39 Cavalier
47:19 Coinage
48:03 Atheism
47:15 Sappers
47:09 Siege Ram
49:08 Two-Man Saw
48:05 Bodkin Arrow
47:43 Paladin
54:21 Banking
59:45 Town Patrol
59:47 Bracer
59:47 Padded Archer Armor
Velky kanec
7:15 Feudal Age
11:09 Castle Age
9:00 Double-Bit Axe
9:47 Horse Collar
12:17 Bow Saw
13:08 Heavy Plow
17:44 Wheelbarrow
17:28 Gold Mining
18:11 Stone Mining
19:54 Fletching
22:57 Imperial Age
20:33 Fletching
21:39 Gold Shaft Mining
21:27 Padded Archer Armor
21:27 Loom
21:57 Bodkin Arrow
22:11 Treadmill Crane
23:13 Leather Archer Armor
23:27 Ballistics
23:35 Hand Cart
23:45 Bracer
25:17 Chemistry
26:25 Conscription
25:41 Elite Longbowman
27:37 Ring Archer Armor
27:45 Masonry
27:59 Siege Engineers
28:24 Caravan
30:30 Masonry
31:08 Guard Tower
32:39 Two-Man Saw
31:44 Town Watch
32:35 Keep
31:46 Arrowslits
33:25 Coinage
33:42 Guilds
33:56 Yeomen
35:14 Architecture
35:45 Banking
38:17 Warwolf
41:36 Town Patrol
43:53 Hoardings
44:46 Onager
50:59 Scale Mail Armor
51:09 Forging
胖子事情多
6:45 Feudal Age
10:30 Castle Age
8:52 Double-Bit Axe
10:16 Horse Collar
11:59 Bow Saw
19:30 Wheelbarrow
20:38 Gold Mining
21:50 Hand Cart
22:27 Heavy Plow
26:03 Imperial Age
23:22 Loom
24:07 Padded Archer Armor
23:58 Fletching
24:58 Thumb Ring
25:14 Husbandry
25:24 Bloodlines
25:18 Town Watch
25:32 Bodkin Arrow
26:31 Ballistics
26:09 Heavy Cavalry Archer
27:53 Chemistry
27:31 Bracer
28:00 Conscription
28:26 Guard Tower
29:43 Yasama
30:20 Leather Archer Armor
31:41 Parthian Tactics
31:49 Elite Skirmisher
33:30 Keep
34:23 Ring Archer Armor
34:34 Murder Holes
34:44 Siege Engineers
34:20 Treadmill Crane
34:53 Masonry
34:29 Arrowslits
35:26 Caravan
39:14 Scale Mail Armor
39:24 Forging
40:43 Chain Mail Armor
42:54 Elite Samurai
44:16 Plate Mail Armor
44:21 Iron Casting
43:08 Pikeman
43:49 Squires
43:35 Gambesons
43:37 Arson
46:34 Kataparuto
47:04 Onager
47:05 Capped Ram
48:55 Siege Engineers
55:16 Blast Furnace
Jan Itor
7:34 Feudal Age
7:54 Feudal Age
9:23 Horse Collar
11:49 Castle Age
9:46 Double-Bit Axe
12:49 Bow Saw
12:39 Heavy Plow
15:41 Wheelbarrow
21:11 Loom
23:57 Imperial Age
22:29 Hand Cart
22:07 Gold Mining
22:27 Squires
22:36 Scale Mail Armor
22:59 Sanctity
23:53 Gold Shaft Mining
23:56 Chain Mail Armor
24:14 Forging
23:38 Man-at-Arms
24:03 Gambesons
25:09 Plate Mail Armor
25:00 Conscription
24:31 Long Swordsman
25:39 Caravan
25:27 Two-Handed Swordsman
25:47 Capped Ram
26:22 Champion
27:25 Fereters
28:03 Arson
28:54 Iron Casting
31:54 Coinage
30:59 Siege Ram
33:08 Banking
35:51 Guilds
48:50 Cilician Fleet
49:26 Hoardings
49:22 Town Watch
53:48 Scale Barding Armor
55:19 Blast Furnace
54:22 Husbandry
54:32 Bloodlines
53:46 Cavalier
53:52 Light Cavalry
55:16 Chain Barding Armor
55:08 Bloodlines
54:28 Cavalier
56:28 Treadmill Crane
57:48 Chemistry
56:59 Masonry
kivarmicz
8:19 Feudal Age
9:15 Double-Bit Axe
11:58 Castle Age
9:42 Horse Collar
12:57 Bow Saw
12:47 Heavy Plow
12:55 Heavy Plow
15:21 Wheelbarrow
18:27 Hand Cart
18:36 Gold Mining
19:42 Town Watch
19:43 Loom
24:47 Imperial Age
22:43 Fletching
22:56 Scale Mail Armor
24:02 Caravan
23:36 Elite Skirmisher
24:18 Padded Archer Armor
25:20 Leather Archer Armor
24:55 Fletching
25:21 Andean Sling
26:50 Chemistry
27:14 Ballistics
27:43 Ring Archer Armor
27:57 Fortified Wall
27:50 Bodkin Arrow
29:02 Coinage
28:59 Bracer
29:51 Conscription
30:17 Siege Engineers
32:10 Fabric Shields
32:46 Banking
35:10 Squires
36:44 Fabric Shields
42:58 Guilds
42:17 Capped Ram
43:20 Siege Ram
49:16 Gold Shaft Mining
48:32 Stone Mining
48:54 Forging
53:35 Heavy Scorpion
55:29 Masonry
57:13 Elite Kamayuk
58:49 Chain Mail Armor
Socartes
7:15 Feudal Age
11:17 Castle Age
9:03 Double-Bit Axe
9:15 Horse Collar
12:16 Bow Saw
12:07 Heavy Plow
17:50 Wheelbarrow
18:58 Hand Cart
19:28 Gold Mining
20:47 Gold Shaft Mining
23:48 Imperial Age
21:04 Loom
22:40 Squires
24:12 Scale Mail Armor
24:22 Forging
25:44 Chemistry
25:15 Chain Mail Armor
24:22 Halberdier
25:08 Town Watch
24:53 Onager
26:51 Iron Casting
27:54 Plate Mail Armor
28:00 Coinage
27:49 Caravan
29:23 Blast Furnace
29:05 Banking
29:52 Siege Engineers
29:59 Masonry
30:28 Siege Onager
32:08 Torsion Engines
36:18 Guilds
44:12 Arson
48:43 Masonry
53:30 Conscription
52:46 Man-at-Arms
53:45 Fletching
55:33 Bodkin Arrow
57:57 Bracer
58:19 Ballistics
58:09 Masonry
59:47 Fortified Wall
60:08 Architecture
Rank
7:37 Feudal Age
9:14 Double-Bit Axe
11:58 Castle Age
11:52 Wheelbarrow
13:04 Bow Saw
12:44 Horse Collar
15:14 Loom
17:02 Stone Mining
18:50 Town Watch
19:02 Gold Mining
19:14 Heavy Plow
24:09 Imperial Age
22:00 Squires
22:01 Scale Mail Armor
22:57 Chain Mail Armor
22:52 Forging
23:21 Fortified Wall
25:22 Plate Mail Armor
24:33 Shield Wall
26:17 Conscription
27:18 Two-Man Saw
27:49 Iron Casting
27:37 Elite Hearth Troop
31:16 Fletching
32:04 Bodkin Arrow
32:54 Capped Ram
33:53 Masonry
34:44 Chemistry
35:02 Architecture
34:26 Siege Ram
34:41 Siege Ram
35:53 Siege Ram
38:20 Heavy Scorpion
40:53 Siege Engineers
41:12 Ballistics
40:36 Onager
50:58 Caravan
57:11 Hoardings
57:31 Guard Tower
59:49 Keep
60:32 Bracer
60:15 Treadmill Crane
Sunset
9:52 Feudal Age
11:00 Gold Mining
10:56 Double-Bit Axe
10:53 Horse Collar
13:31 Castle Age
16:44 Imperial Age
16:31 Loom
18:27 Chemistry
25:13 Sanctity
25:56 Block Printing
35:46 Bow Saw
36:41 Elite Organ Gun
38:18 Conscription
42:59 Bombard Tower
42:53 Arquebus
45:38 Wheelbarrow
45:55 Treadmill Crane
48:59 Hand Cart
50:45 Masonry
52:28 Siege Engineers
56:58 Two-Man Saw
57:30 Architecture
Connection lost

Rejoining the realm…

Still unreachable

The connection could not be restored.

Session expired

The server has moved on; the page needs a fresh start.